 Dungeon Sprint DCSS version 0.21.1-1-g345015f (webtiles) character file.

24140 wilfster70 the Ninja (level 12, 0/69 (72) HPs)
             Began as a Spriggan Enchanter on Mar 2, 2018.
             Was the Champion of Dithmenos.
             Slain by the 27-headed Lernaean hydra (12 damage)
             ... in the Dungeon (Sprint I: "Red Sonja").
             The game lasted 00:14:25 (2819 turns).

wilfster70 the Ninja (Spriggan Enchanter)           Turns: 2819, Time: 00:14:26

HP:   0/69 (72)     AC:  3    Str:  4    XL:     12   Next: 78%
MP:   27/27         EV: 27    Int: 22    God:    Dithmenos [******]
Gold: 3404          SH:  0    Dex: 16    Spells: 25/31 levels left

rFire    + . .     SeeInvis +   a - +1 dagger
rCold    . . .     Gourm    .   (shield restricted)
rNeg     . . .     Faith    .   m - +1 robe {rF+}
rPois    .         Spirit   .   (helmet restricted)
rElec    .         Reflect  .   (no cloak)
rCorr    .         Harm     .   (gloves unavailable)
MR       ++...     NoTele   +   (boots unavailable)
Stlth    +++++++++.             (no amulet)
HPRegen  0.21/turn              (no ring)
MPRegen  0.20/turn              (no ring)

@: wreathed by umbra, studying Short Blades, slow
A: very small, unfitting armour, see invisible, herbivore, speed 3, slow
metabolism 2
a: Shadow Step, Shadow Form, Renounce Religion


You were in the Dungeon.
You worshipped Dithmenos.
Dithmenos was exalted by your worship.
You were not hungry.

You visited 1 branch You collected 3722 gold pieces.
You spent 318 gold pieces at shops.

Inventory:

Hand Weapons
 a - a +1 dagger (weapon)
 b - a +0 blowgun
Missiles
 r - 4 curare-tipped needles
 x - a throwing net (quivered)
Armour
 k - a +0 troll leather armour
 l - a +0 buckler
 m - a +1 robe of fire resistance (worn)
 n - a +0 robe
 q - the +2 robe of Nypheize {*Corrode rElec rF+++ rN+ Str-3}
   (You bought it in a shop in the Dungeon)

   It affects your strength (-3).
   It renders you almost immune to fire.
   It insulates you from electricity.
   It protects you from negative energy.
   It may corrode you when you take damage.
Jewellery
 o - the ring of Boyhu {rPois Dex+3, unknown}
   (You found it in the Dungeon)

   [ring of dexterity]

   It affects your dexterity (+3).
   It protects you from poison.
Wands
 i - a wand of iceblast (6)
 w - a wand of polymorph (19)
Scrolls
 j - a scroll of blinking
 p - a scroll of acquirement {unknown}
 t - a scroll of identify
Potions
 e - 3 potions of curing
 f - a potion of heal wounds
 g - 2 potions of haste
 h - 2 potions of magic
 s - a potion of might {unknown}
 u - 3 potions of cancellation {unknown}
Books
 c - a book of Maledictions

   Spells                             Type                      Level
   a - Corona                         Hexes                        1
   b - Ensorcelled Hibernation        Hexes/Ice                    2
   c - Confuse                        Hexes                        3
   d - Tukima's Dance                 Hexes                        3
   e - Dazzling Spray                 Conjuration/Hexes            3
 v - a manual of Short Blades
Miscellaneous
 y - a phantom mirror
Comestibles
 d - 3 rations


   Skills:
 - Level 12.6 Fighting
 - Level 10.5 Short Blades
 - Level 11.6 Dodging
 O Level 27 Stealth
 - Level 7.3 Shields
 - Level 10.0 Spellcasting
 - Level 10.2 Hexes
 - Level 9.9 Ice Magic
 + Level 7.7 Evocations


You had 25 spell levels left.
You knew the following spells:

 Your Spells              Type           Power        Failure   Level  Hunger
a - Corona                Hex            ######.      1%          1    None
b - Ensorcelled Hibernat  Hex/Ice        ######       1%          2    None
c - Confuse               Hex            ######..     1%          3    None


Dungeon Overview and Level Annotations

Branches:
Dungeon (1/1)

Altars:
Cheibriados
Dithmenos
Elyvilon
Fedhas
Gozag
Hepliaklqana
Kikubaaqudgha
Makhleb
Nemelex Xobeh
Okawaru
Qazlal
Ru
Sif Muna
Trog
Uskayaw
Vehumet
Wu Jian
Xom
Yredelemnul
Zin
The Shining One
Jiyva
Lugonu

Shops:
D [(?}([*%?%%=[!![?(

Annotations:
D exclusion: oklob plant, Lernaean hydra, Tiamat


Innate Abilities, Weirdness & Mutations

You are very small and have problems with some larger weapons.
You are too small for most types of armour.
You have supernaturally acute eyesight. (SInv)
You are a herbivore.
You cover ground extremely quickly.
You need consume almost no food.


Message History

You now have 3377 gold pieces (gained 27).
You now have 3404 gold pieces (gained 27).
There is an open door here.
You enter the shallow water.
Moving in this stuff is going to be slow.
You open the door.
The 27-headed Lernaean hydra completely misses you.
The 27-headed Lernaean hydra bites you! The 27-headed Lernaean hydra bites you.
The 27-headed Lernaean hydra bites you!
You emit a cloud of dark smoke.
The 27-headed Lernaean hydra bites you!!
The 27-headed Lernaean hydra bites you. x3
* * * LOW HITPOINT WARNING * * *
The 27-headed Lernaean hydra misses you. x2
The 27-headed Lernaean hydra barely misses you.
The 27-headed Lernaean hydra bites you.
* * * LOW HITPOINT WARNING * * *
The 27-headed Lernaean hydra barely misses you.
The 27-headed Lernaean hydra closely misses you.
The 27-headed Lernaean hydra bites you!
You die...

##...#P≈..##^.§.§§§...##
###.#M≈).#.....§§§§...#
#.###†.#...§..§.....#
#.#.'.†##...^......##
####'#.##'##..........#
###....#§#≈≈≈##........##
####...####§#≈≈≈≈##...(..##
.)...### ..#≈≈§§§########
.##### ####≈§@D#≈≈≈≈≈# ##
#..#'§§§'≈≈.≈≈' #
#...##≈≈#≈≈≈≈≈# #....####
#+### #....# ≈≈d ###### ###


You could see the 27-headed Lernaean hydra.

Vanquished Creatures
  A golden dragon (D)
  A shadow dragon (D)
  4 fire giants (D)
  A hydra (D)
  2 centaur warriors (D)
  Sonja (D)
  A deep troll (D)
  7 unseen horrors (D)
  A lindwurm (D)
  An oklob plant (D)
  2 merfolk sirens (D)
  A gargoyle (D)
  4 demonic crawlers (D)
  2 kobold demonologists (D)
  5 hornets (D)
  A slime creature (D)
  2 redbacks (D)
  Sigmund (D)
  A yak (D)
  13 hogs (D)
  3 floating eyes (D)
  7 necrophages (D)
  An ogre (D)
  8 jellies (D)
  Ijyb (D)
  A ballistomycete (D)
  A ballistomycete spore (D)
74 creatures vanquished.

Vanquished Creatures (others)
  A gargoyle (D)
  A ballistomycete spore (D)
2 creatures vanquished.

Grand Total: 76 creatures vanquished

Notes
Turn   | Place    | Note
-------+----------+-------------------------------------------
     0 | D        | wilfster70 the Spriggan Enchanter began the quest for the Orb.
     0 | D        | Reached XP level 1. HP: 9/9 MP: 5/5
     2 | D        | Noticed Ijyb
    19 | D        | Killed Ijyb
    19 | D        | Reached skill level 5 in Stealth
    19 | D        | Reached XP level 2. HP: 9/13 MP: 6/8
    27 | D        | Learned a level 2 spell: Ensorcelled Hibernation
   175 | D        | Noticed an ogre
   181 | D        | Killed an ogre
   181 | D        | Reached skill level 7 in Stealth
   181 | D        | Reached skill level 5 in Spellcasting
   181 | D        | Reached XP level 3. HP: 16/16 MP: 2/10
   181 | D        | Reached XP level 4. HP: 21/21 MP: 2/12
   258 | D        | Noticed Sigmund
   266 | D        | Killed Sigmund
   266 | D        | Reached skill level 9 in Stealth
   266 | D        | Reached XP level 5. HP: 7/24 MP: 2/15
   394 | D        | Killed a gargoyle
   489 | D        | Found a deep blue altar of Sif Muna.
   490 | D        | Found an ornate altar of the Wu Jian Council.
   491 | D        | Found a radiant altar of Vehumet.
   495 | D        | Reached XP level 6. HP: 28/28 MP: 17/17
   513 | D        | Found Quufixko's Weapon Emporium.
   513 | D        | Found an ancient bone altar of Kikubaaqudgha.
   513 | D        | Found a hazy altar of Hepliaklqana.
   513 | D        | Found a hide-covered altar of Uskayaw.
   513 | D        | Found a basalt altar of Yredelemnul.
   513 | D        | Found an opulent altar of Gozag.
   513 | D        | Found a snail-covered altar of Cheibriados.
   513 | D        | Found a sacrificial altar of Ru.
   513 | D        | Found a shadowy altar of Dithmenos.
   513 | D        | Noticed a yak
   514 | D        | Found a stormy altar of Qazlal.
   514 | D        | Found a blossoming altar of Fedhas.
   514 | D        | Found a bloodstained altar of Trog.
   514 | D        | Found an iron altar of Okawaru.
   514 | D        | Found a glowing golden altar of the Shining One.
   514 | D        | Found a glowing silver altar of Zin.
   514 | D        | Found a white marble altar of Elyvilon.
   515 | D        | Killed a yak
   515 | D        | Reached skill level 12 in Stealth
   516 | D        | Found a sparkling altar of Nemelex Xobeh.
   522 | D        | Became a worshipper of Dithmenos the Shadowed
   530 | D        | Noticed Sonja
   534 | D        | Killed Sonja
   534 | D        | Reached skill level 15 in Stealth
   534 | D        | Reached XP level 7. HP: 32/32 MP: 18/18
   548 | D        | Noticed a deep troll
   563 | D        | Killed a deep troll
   563 | D        | Reached skill level 17 in Stealth
   563 | D        | Reached XP level 8. HP: 36/36 MP: 13/19
   579 | D        | Found Qithriy's Armour Emporium.
   587 | D        | Bought a +1 robe of fire resistance for 165 gold pieces
   612 | D        | Noticed a centaur warrior
   612 | D        | Noticed a centaur warrior
   616 | D        | Killed a centaur warrior
   616 | D        | Reached * piety under Dithmenos
   616 | D        | Reached skill level 18 in Stealth
   616 | D        | Reached XP level 9. HP: 22/39 MP: 15/20
   619 | D        | Killed a centaur warrior
   619 | D        | Reached skill level 10 in Short Blades
   619 | D        | Reached skill level 19 in Stealth
   749 | D        | Reached skill level 20 in Stealth
   761 | D        | Noticed an oklob plant
   763 | D        | Killed an oklob plant
   763 | D        | Reached ** piety under Dithmenos
   763 | D        | Reached skill level 21 in Stealth
   780 | D        | Reached *** piety under Dithmenos
   780 | D        | Reached skill level 22 in Stealth
   800 | D        | Noticed an unseen horror
   801 | D        | Noticed an unseen horror
   807 | D        | Killed an unseen horror
   807 | D        | Reached skill level 23 in Stealth
   807 | D        | Reached XP level 10. HP: 44/44 MP: 21/21
   809 | D        | Killed an unseen horror
   809 | D        | Reached skill level 24 in Stealth
   814 | D        | Reached **** piety under Dithmenos
   865 | D        | Learned a level 3 spell: Confuse
   940 | D        | Reached ***** piety under Dithmenos
  1081 | D        | Reached skill level 25 in Stealth
  1350 | D        | Got a pitted lapis lazuli ring
  1367 | D        | Found Keapsaz's Gadget Shoppe.
  1367 | D        | Found Zonedw Qecs's Magic Scroll Shop.
  1367 | D        | Found Xogip's Weapon Boutique.
  1369 | D        | Found Eliotz's Armour Emporium.
  1369 | D        | Found Cykiat's Assorted Antiques.
  1369 | D        | Found Cezxac's Food Shoppe.
  1369 | D        | Found Enwaj's Magic Scroll Boutique.
  1369 | D        | Found Nugijong's Food Emporium.
  1369 | D        | Found Wafuf's Food Shop.
  1369 | D        | Found Ahuchoet's Jewellery Shoppe.
  1372 | D        | Found Qadeuz's Antique Armour Boutique.
  1373 | D        | Found Belouje's Distillery.
  1373 | D        | Found Ytysyuc's Distillery.
  1374 | D        | Found Kevann's Magic Scroll Emporium.
  1424 | D        | Found Tifauto's Antique Armour Boutique.
  1432 | D        | Bought an ancient robe for 153 gold pieces
  1438 | D        | Identified the +2 robe of Nypheize {*Corrode rElec rF+++ rN+ Str-3} (You bought it in a shop in the Dungeon)
  1928 | D        | Found a viscous altar of Jiyva.
  1928 | D        | Found a corrupted altar of Lugonu.
  1930 | D        | Found a burning altar of Makhleb.
  1930 | D        | Found a shimmering altar of Xom.
  1950 | D        | Reached skill level 26 in Stealth
  1954 | D        | Reached ****** piety under Dithmenos
  1958 | D        | Reached skill level 27 in Stealth
  1958 | D        | Reached skill level 1 in Fighting
  1958 | D        | Reached skill level 1 in Shields
  1965 | D        | Noticed a gargoyle
  1982 | D        | Killed a gargoyle
  1982 | D        | Reached XP level 11. HP: 47/47 MP: 12/22
  1992 | D        | Noticed a lindwurm
  1996 | D        | Killed a lindwurm
  2061 | D        | Reached skill level 5 in Fighting
  2070 | D        | Reached skill level 5 in Shields
  2209 | D        | Noticed a daeva
  2212 | D        | Noticed an unseen horror
  2212 | D        | Noticed an unseen horror
  2212 | D        | Noticed an unseen horror
  2216 | D        | Killed an unseen horror
  2217 | D        | Noticed an unseen horror
  2218 | D        | Noticed an unseen horror
  2219 | D        | Killed an unseen horror
  2220 | D        | Killed an unseen horror
  2222 | D        | Killed an unseen horror
  2228 | D        | Killed an unseen horror
  2380 | D        | Noticed a fire giant
  2382 | D        | Noticed a fire giant
  2382 | D        | Noticed a fire giant
  2382 | D        | Noticed a fire giant
  2383 | D        | Killed a fire giant
  2385 | D        | Killed a fire giant
  2385 | D        | Reached skill level 10 in Fighting
  2386 | D        | Killed a fire giant
  2386 | D        | Reached XP level 12. HP: 68/68 MP: 14/23
  2388 | D        | Killed a fire giant
  2395 | D        | Noticed Tiamat
  2452 | D        | Noticed a 12-headed hydra
  2454 | D        | Killed a 12-headed hydra
  2490 | D        | Noticed a shadow dragon
  2490 | D        | Noticed a golden dragon
  2494 | D        | Killed a shadow dragon
  2494 | D        | Reached skill level 10 in Dodging
  2496 | D        | Killed a golden dragon
  2496 | D        | Reached skill level 10 in Spellcasting
  2496 | D        | Reached skill level 10 in Hexes
  2562 | D        | Found Aluown's Antique Weapon Shoppe.
  2620 | D        | Noticed a deep elf annihilator
  2620 | D        | Noticed a mummy priest
  2763 | D        | Reached skill level 5 in Evocations
  2781 | D        | Noticed the 27-headed Lernaean hydra
  2819 | D        | Slain by the 27-headed Lernaean hydra

Skill      XL: |  1  2  3  4  5  6  7  8  9 10 11 12 |
---------------+-------------------------------------+-----
Short Blades   | 2 4 6 8 10 | 10.5
Dodging        | 4 6 8 11 | 11.6
Stealth        | 5 7 9 15 17 18 23 27 | 27.0
Spellcasting   | 4 5 7 10 | 10.0
Hexes          | 4 6 7 10 | 10.2
Ice Magic      | 7 8 9 |  9.9
Fighting       | 2 11 12 | 12.6
Shields        | 2 7 |  7.3
Evocations     | 7 |  7.7

Action                   |  1- 3 |  4- 6 |  7- 9 | 10-12 || total
-------------------------+-------+-------+-------+-------++-------
Melee: Dagger            |    15 |     4 |     9 |    92 ||   120
       Blowgun           |       |       |       |     1 ||     1
 Fire: Blowgun           |       |       |       |     4 ||     4
 Cast: Ensorcelled Hiber |     3 |     5 |     6 |    27 ||    41
       Confuse           |       |       |       |    17 ||    17
Invok: Shadow Step       |       |       |       |     5 ||     5
  Use: Potion            |     1 |       |       |       ||     1
       Scroll            |       |       |       |     1 ||     1
 Stab: Sleeping          |     2 |     4 |     9 |    51 ||    66
       Confused          |       |       |       |     6 ||     6
       Distracted        |       |       |       |     1 ||     1
Armor: Robe              |       |       |       |     3 ||     3
Dodge: Dodged            |     9 |     2 |     6 |    38 ||    55
